 Dungeon Crawl Stone Soup version 0.29.1-15-g9cfb28693d (webtiles) character file.

Game seed: 6657247061113283735

60 KittyFluff the Cudgeller (level 4, 0/43 HPs)
             Began as a Gargoyle Berserker on Apr 23, 2023.
             Was a Follower of Trog.
             Slain by Sigmund
             ... wielding a +0 scythe
              (5 damage)
             ... on level 2 of the Dungeon.
             The game lasted 00:06:51 (1720 turns).

KittyFluff the Cudgeller (Gargoyle Berserker)       Turns: 1720, Time: 00:06:52

Health: 0/43       AC:  8    Str: 20    XL:     4   Next: 6%
Magic:  4/4        EV: 11    Int:  8    God:    Trog [*.....]
Gold:   127        SH:  0    Dex: 11    Spells: 3/3 levels left

rFire   . . .      SeeInvis .   a - +0 mace
rCold   . . .      Faith    .   (no shield)
rNeg    + . .      Spirit   .   g - +0 leather armour
rPois   ∞          Reflect  .   b - +0 helmet
rElec   +          Harm     .   (no cloak)
rCorr   .          Rampage  .   (no gloves)
Will    .....                   (no boots)
Stlth   ..........              j - amulet of the acrobat
HPRegen 0.14/turn               (no ring)
MPRegen 0.09/turn               (no ring)

@: berserking, very quick
A: sickness immunity, AC +3, negative energy resistance 1, electricity
resistance, torment resistance 1, petrification resistance
a: Renounce Religion, Berserk


You were on level 2 of the Dungeon.
You worshipped Trog.
Trog was aware of your devotion.
You visited 1 branch of the dungeon, and saw 2 of its levels.

You collected 127 gold pieces.

Inventory:

Hand Weapons
 a - a +0 mace (weapon)
Armour
 b - a +0 helmet (worn)
 g - a +0 leather armour (worn)
Jewellery
 j - an amulet of the acrobat (around neck)
 l - a +6 ring of intelligence
Wands
 k - a wand of roots (5)
Scrolls
 c - a scroll of blinking {unknown}
 d - a scroll of vulnerability {unknown}
 e - a scroll of poison {unknown}
 i - 3 scrolls of identify {unknown}
Potions
 f - a potion of might {unknown}
 h - a potion of haste {unknown}


   Skills:
 + Level 3.9 Fighting
 + Level 4.0 Maces & Flails
 + Level 2.3 Armour
 + Level 2.0 Dodging


You had 3 spell levels left.
You didn't know any spells.
Your spell library was empty.

Dungeon Overview and Level Annotations

Branches:
Dungeon (2/15)

Altars:

Annotations:
D:2 Sigmund


Innate Abilities, Weirdness & Mutations

You are immune to sickness and miasma.
Your stone body is resilient. (AC +3)
You are immune to poison.
You resist negative energy. (rN+)
You are resistant to electric shocks. (rElec)
You are resistant to unholy torment.
You are immune to petrification.


Message History

You are confused.
Something hits you but does no damage. Something completely misses you.
You hear some strange, mumbled words.
A magic dart appears from out of thin air!
The magic dart hits you but does no damage.
You miss something.
You hear some strange, mumbled words.
A magic dart appears from out of thin air!
The magic dart hits you. Something misses you.
You completely miss something.
You feel less confused.
You hear some strange, mumbled words.
A puff of flame appears from out of thin air!
The puff of flame misses you. Something hits you.
You hit something.
You hear some strange, mumbled words.
You are confused.
You miss something.
You hear some strange, mumbled words.
A magic dart appears from out of thin air!
The magic dart hits you! Something hits you but does no damage.
Something misses you.
You closely miss something.
You feel less confused. Something hits you but does no damage.
You hit something. Something hits you!
* * * LOW HITPOINT WARNING * * *
You hit something. Something hits you but does no damage.
A red film seems to cover your vision as you go berserk!
You feel yourself moving faster!
You feel mighty!
You hit something.
You hear some strange, mumbled words.
A puff of flame appears from out of thin air!
The puff of flame misses you.
You closely miss something. Something hits you.
You die...

.####### ######### ###...#
.......# #......># #....##
.......# #.......# #....#
.......# #.......# #....#
.......# #.......# #....#
.......# #.......# #....######
.......# #.......# #..........
.......# #....{..# #.....#####
.......#####....@..####..........
.......#.............##..........
.......#.####...####.##......>...
'####### #...# #.##.....##### .#
#.# #...# #........# .# #.# #...#
#########.# .# #.# #...#
#.........##### .# #.# #...# #.#
#.......... .# ###.## #####
#.###..........


There were no monsters in sight!

Vanquished Creatures
  Jessica (D:2)
  An adder (D:2)
  2 dart slugs (D:1)
  3 endoplasms
  A goblin (D:1)
  2 hobgoblins
  4 jackals (D:2)
  A quokka (D:1)
  2 ball pythons
  A bat (D:1)
  A frilled lizard (D:2)
  A kobold (D:1)
  2 rats
22 creatures vanquished.

Notes
Turn   | Place    | Note
-------+----------+-------------------------------------------
     0 | D:1      | KittyFluff the Gargoyle Berserker began the quest for the
                  | Orb.
     0 | D:1      | Reached XP level 1. HP: 14/14 MP: 1/1
   242 | D:1      | Found a faded altar of an unknown god.
   435 | D:1      | Reached XP level 2. HP: 18/19 MP: 2/2
  1117 | D:2      | Reached XP level 3. HP: 23/23 MP: 3/3
  1334 | D:2      | Noticed Jessica
  1340 | D:2      | Killed Jessica
  1341 | D:2      | Reached skill level 4 in Maces & Flails
  1341 | D:2      | Reached XP level 4. HP: 18/29 MP: 4/4
  1679 | D:2      | Noticed Sigmund
  1720 | D:2      | Slain by Sigmund

Illustrated notes

Levels and vault maps discovered:
D:1:      saegor_arrival_simple_b, layout_basic,
          hellmonk_ecumenical_altar_zigzags
D:2:      minmay_chambers_of_twos, layout_basic, minmay_pentomino_u2,
          uniq_sigmund, uniq_jessica

Skill      XL: |  1  2  3  4 |
---------------+-------------+-----
Maces & Flails | 4 |  4.0
Dodging        | 2 |  2.0
Fighting       | |  3.9
Armour         | |  2.3

Action                   |  1- 3 |  4- 6 || total
-------------------------+-------+-------++-------
Melee: Mace              |    46 |    24 ||    70
Invok: Berserk           |       |     1 ||     1
Armor: Animal skin       |     8 |       ||     8
       Leather armour    |    10 |    12 ||    22
Dodge: Dodged            |    25 |    14 ||    39
